 Dungeon Crawl Stone Soup version 0.14-a0-2789-gc18c9f8 (webtiles) character file.

215 SomethingShithole the Cutter (level 5, -10/36 HPs)
             Began as a Kobold Berserker on Feb 24, 2014.
             Was a Believer of Trog.
             Mangled by a gnoll
             ... wielding a +0,+0 halberd
              (11 damage)
             ... on Level 3 of the Dungeon.
             The game lasted 00:10:30 (2397 turns).

SomethingShithole the Cutter (Kobold Berserker)     Turns: 2397, Time: 00:10:30

HP -10/36        AC  2     Str 20      XL: 5   Next: 12%
MP   5/5         EV 16     Int  5      God: Trog [**....]
Gold 107         SH  0     Dex 14      Spells:  0 memorised,  4 levels left

rFire  . . .     SeeInvis .     e - +1 dwarf short sword
rCold  . . .     Rnd*Rage +     b - +0 animal skin
rNeg   . . .     Conserve .     (no shield)
rPois  .         rCorr    .     (no helmet)
rElec  .         rRot     .     (no cloak)
SustAb . .       Spirit   .     (no gloves)
rMut   .         Warding  .     (no boots)
Saprov + + .     Stasis   .     (no amulet)
MR     .....                    (no ring)
                                (no ring)

@: exhausted, slowed, very slow, not resistant to hostile enchantments, fairly
stealthy
A: disease resistance, berserk 1, carnivore 3, robust 1, saprovore 2, strong 1
a: Burn Spellbooks, Berserk, Trog's Hand, Renounce Religion


You were on level 3 of the Dungeon.
You worshipped Trog.
Trog was pleased with you.
You were very full.

You visited 1 branch of the dungeon, and saw 3 of its levels.

You collected 107 gold pieces.

Inventory:

Hand weapons
 e - a +1,+1 dwarven short sword (weapon)
Armour
 b - a +0 animal skin (worn)
 m - a +0 pair of boots
Comestibles
 c - 3 meat rations
 o - a chunk of bat flesh
Scrolls
 i - a scroll of enchant armour {unknown}
 k - a scroll of fog {unknown}
 n - a scroll of remove curse {unknown}
 s - a scroll of teleportation
Jewellery
 a - an uncursed ring of fire {unknown}
 g - an uncursed ring of flight {unknown}
 h - an uncursed ring of protection from fire {unknown}
Potions
 d - a potion of coagulated blood
 f - a potion of agility
 j - a potion of magic {unknown}
 l - 2 potions of heal wounds {unknown}


   Skills:
 + Level 3.7 Fighting
 + Level 5.1 Short Blades
 + Level 1.7 Armour
 + Level 4.2 Dodging
 + Level 1.9 Stealth


You had 4 spell levels left.
You didn't know any spells.

Dungeon Overview and Level Annotations

Branches:
Dungeon (3/16)

Altars:
Ashenzari
Xom


Innate Abilities, Weirdness & Mutations

You recuperate from illness quickly.
You are small and have problems with some larger weapons.
You are carnivorous and can eat meat at any time.
You can eat rotten meat.
You tend to lose your temper in combat.
You are robust (+10% HP).
Your muscles are strong. (Str +2)


Message History

You hit the gnoll.
You kill the gnoll!
Trog accepts your kill.
You feel a strong urge to attack something.
You feel your anger subside.
You are no longer berserk.
You are exhausted.
You feel yourself slow down. The gnoll closely misses you.
The gnoll hits you from afar with a spear.
* * * LOW HITPOINT WARNING * * *
The gnoll misses you.
You see here an orcish club.
The gnoll hits you from afar with a spear.
* * * LOW HITPOINT WARNING * * *
There is a stone staircase leading up here.
The gnoll hits you from afar with a spear.
* * * LOW HITPOINT WARNING * * *
The gnoll hits you from afar with a halberd!
You die...

..##........###......####
..........................
..##......................
############.##......#####
...##......# #
#....##.(....#
#....##......#
#....##..###.#
###....##[@###.####..
...........<.........
.........gg.......#..
###.......#......#..^
#.................
######.......#......####
.........................
######...#####......#...
####.....# #......#


You could see 2 gnolls.

Vanquished Creatures
  A gnoll (D:3)
  3 adders
  2 worms (D:2)
  A giant gecko (D:3)
  An ooze (D:1)
  An orc (D:3)
  6 giant cockroaches
  7 goblins
  11 hobgoblins
  3 kobolds
  A quokka (D:2)
  9 bats
  A giant newt (D:1)
  10 rats
57 creatures vanquished.

Notes
Turn   | Place    | Note
--------------------------------------------------------------
     0 | D:1      | SomethingShithole, the Kobold Berserker, began the quest for the Orb.
     0 | D:1      | Reached XP level 1. HP: 14/14 MP: 1/1
   228 | D:1      | Reached XP level 2. HP: 19/19 MP: 2/2
   630 | D:1      | Reached XP level 3. HP: 20/23 MP: 3/3
   760 | D:2      | Acquired Trog's second power
   892 | D:2      | Found a shattered altar of Ashenzari.
   950 | D:2      | HP: 1/23 [worm (6)]
  1014 | D:2      | Gained mutation: Your muscles are strong. (Str +2) [potion of mutation]
  1014 | D:2      | Gained mutation: You tend to lose your temper in combat. [potion of mutation]
  1014 | D:2      | Gained mutation: You are robust (+10% HP). [potion of mutation]
  1590 | D:2      | Found a shimmering altar of Xom.
  1729 | D:2      | Reached skill level 1 in Stealth
  1729 | D:2      | Reached XP level 4. HP: 30/30 MP: 4/4
  1854 | D:2      | Reached skill level 5 in Short Blades
  2290 | D:3      | Reached XP level 5. HP: 36/36 MP: 5/5
  2397 | D:3      | HP: 1/36 [gnoll/spear (3)]
  2397 | D:3      | Mangled by a gnoll

Action                   |  1- 3 |  4- 6 || total
-------------------------+-------+-------++-------
Melee: Short sword       |   139 |    87 ||   226
Invok: Berserk           |       |     2 ||     2
  Use: Potion            |     5 |       ||     5
       Scroll            |     5 |       ||     5
 Stab: Sleeping          |     1 |     1 ||     2
